 Dungeon Crawl Stone Soup version 0.22.1-2-g9c5b331 (webtiles) character file.

129 whitewolfNL the Cudgeler (level 4, 0/40 HPs)
             Began as a Minotaur Berserker on Nov 27, 2018.
             Was a Believer of Trog.
             Succumbed to Sigmund's poison
             ... on level 1 of the Dungeon.
             The game lasted 00:05:15 (1604 turns).

whitewolfNL the Cudgeler (Minotaur Berserker)       Turns: 1604, Time: 00:05:15

Health: 0/40       AC:  0    Str: 26 (27) XL:     4   Next: 88%
Magic:  3/3        EV: 14    Int:  3 (5)  God:    Trog [**....]
Gold:   63         SH:  0    Dex:  8 (9)  Spells: 3/3 levels left

rFire    . . .     SeeInvis .   (weapon currently unavailable)
rCold    . . .     Gourm    .   (shield currently unavailable)
rNeg     . . .     Faith    .   (armour currently unavailable)
rPois    .         Spirit   .   (helmet currently unavailable)
rElec    .         Reflect  .   (cloak currently unavailable)
rCorr    .         Harm     .   (gloves currently unavailable)
MR       .....                  (boots currently unavailable)
Stlth    +.........             (no amulet)
HPRegen  0.13/turn              (ring currently unavailable)
MPRegen  0.08/turn              (ring currently unavailable)

@: mighty, lethally poisoned (0 -> -7), pig-form (expiring), very slightly
contaminated, invisible, very quick
A: small, (retaliatory headbutt)
a: Berserk, Trog's Hand, Renounce Religion


You were on level 1 of the Dungeon.
You worshipped Trog.
Trog was pleased with you.
You were not hungry.
You were a filthy swine.
You visited 1 branch of the dungeon, and saw 2 of its levels.

You collected 63 gold pieces.

Inventory:

Hand Weapons
 a - a +0 mace (melded)
 e - a +0 dagger of protection
Missiles
 d - 37 stones (quivered)
 h - 53 arrows
Armour
 f - a +0 chain mail (melded)
Jewellery
 p - an uncursed ring of protection from magic {unknown}
Scrolls
 b - a scroll of identify {unknown}
 g - a scroll of teleportation {unknown}
 i - a scroll of amnesia {unknown}
 k - a scroll of remove curse {unknown}
 l - 2 scrolls of magic mapping {unknown}
Potions
 n - a potion of might
Comestibles
 c - 3 rations
 o - 2 chunks of flesh


   Skills:
 + Level 4.2 Fighting
 * Level 5.3 Maces & Flails
 * Level 3.2 Armour
 * Level 2.8 Dodging
 * Level 1.1 Stealth


You had 3 spell levels left.
You didn't know any spells.
Your spell library was empty.

Dungeon Overview and Level Annotations

Branches:
Dungeon (2/15)

Altars:

Annotations:
D:2 Sigmund


Innate Abilities, Weirdness & Mutations

((You reflexively headbutt those who attack you in melee.))
((You have a pair of horns on your head.))


Message History

It was a potion of might.
You feel very mighty all of a sudden.
* * * LOW HITPOINT WARNING * * *
You feel sick.
It was a potion of degeneration.
There was something very wrong with that liquid.
You feel weakened.
You feel dopey.
You feel clumsy.
* * * LOW HITPOINT WARNING * * *
You feel sick.
It was a potion of invisibility.
You fade into invisibility!
* * * LOW HITPOINT WARNING * * *
You feel sick.
You are very lightly contaminated with residual magic.
You can't wear that in your present form.
You aren't quite hungry enough to eat that!
You aren't quite hungry enough to eat that!
* * * LOW HITPOINT WARNING * * *
You feel sick.
You die...

#...##.....####.......
#....#.............###
##...#.............###
#...#.............##.
##................##.
#................##.
#.......#........##.
#.......#........##.
##..h................
#..........###'##....
#..........#...#.....
#...>......#...#.#...
#..........#...#.#...
#..........###.#....#
#..........#...######
###......####'#......#
#.....................


There were no monsters in sight!

Vanquished Creatures
  A centaur (D:2)
  An adder (D:2)
  An ooze (D:1)
  A worm (D:2)
  A dart slug (D:2)
  A ball python (D:1)
  2 giant cockroaches (D:1)
  5 goblins (D:1)
  4 hobgoblins
  2 jackals (D:1)
  A bat (D:1)
  3 frilled lizards (D:1)
  3 kobolds (D:1)
  5 rats
31 creatures vanquished.

Notes
Turn   | Place    | Note
-------+----------+-------------------------------------------
     0 | D:1      | whitewolfNL the Minotaur Berserker began the quest for the
                  | Orb.
     0 | D:1      | Reached XP level 1. HP: 19/19 MP: 0/0
   466 | D:1      | Reached skill level 4 in Maces & Flails
   466 | D:1      | Reached XP level 2. HP: 27/27 MP: 1/1
   785 | D:1      | Reached ** piety under Trog
   785 | D:1      | Reached XP level 3. HP: 30/33 MP: 2/2
  1379 | D:2      | Noticed a centaur
  1386 | D:2      | Killed a centaur
  1386 | D:2      | Reached skill level 5 in Maces & Flails
  1386 | D:2      | Reached skill level 1 in Stealth
  1386 | D:2      | Reached XP level 4. HP: 25/40 MP: 3/3
  1584 | D:2      | Noticed Sigmund
  1601 | D:1      | HP: 2/40 [poisoned by Sigmund]
  1604 | D:1      | Succumbed to Sigmund's poison

Skill      XL: |  1  2  3 |
---------------+----------+-----
Maces & Flails | 4 5 |  5.3
Fighting       | 4 |  4.2
Armour         | 3 |  3.2
Stealth        | 1 |  1.1
Dodging        | |  2.8

Action                   |  1- 3 |  4- 6 || total
-------------------------+-------+-------++-------
Melee: Mace              |    70 |     4 ||    74
       Headbutt          |     7 |     1 ||     8
       Unarmed           |       |     6 ||     6
Invok: Berserk           |     2 |       ||     2
  Use: Potion            |       |     3 ||     3
  Eat: Chunk             |     2 |       ||     2
       Ration            |       |     1 ||     1
Armor: Animal skin       |     4 |       ||     4
       Leather armour    |     3 |       ||     3
       Chain mail        |     9 |     1 ||    10
Dodge: Dodged            |    58 |     5 ||    63
